 Dungeon Crawl Stone Soup version 0.29-a0-520-gc852659d43 (webtiles) character file.

Game seed: 12769634243807543219

56 Pelinal the Ruffian (level 3, -8/33 HPs)
             Began as a Troll Warper on May 31, 2022.
             Mangled by a goblin
             ... wielding a +0 dagger of electrocution
              (18 damage)
             ... on level 2 of the Dungeon.
             The game lasted 00:01:18 (1095 turns).

Pelinal the Ruffian (Troll Warper)                  Turns: 1095, Time: 00:01:18

Health: -8/33      AC:  4    Str: 21    XL:     3   Next: 71%
Magic:  3/3        EV:  9    Int:  9    God:
Gold:   72         SH:  0    Dex:  9    Spells: 2/4 levels left

rFire   . . .      SeeInvis .     - Unarmed
rCold   . . .      Faith    .   (no shield)
rNeg    . . .      Spirit   .   a - +0 robe
rPois   .          Reflect  .   (helmet restricted)
rElec   .          Harm     .   (no cloak)
rCorr   .          Rampage  .   (gloves unavailable)
Will    .....                   (boots unavailable)
Stlth   +.........              l - amulet of the acrobat
HPRegen 0.91/turn               (no ring)
MPRegen 0.08/turn               (no ring)

@: no status effects
A: large, unfitting armour, claws 3, regeneration 1, shaggy fur 1, tough skin 1
a: no special abilities


You were on level 2 of the Dungeon.
You visited 1 branch of the dungeon, and saw 2 of its levels.

You collected 72 gold pieces.

Inventory:

Missiles
 c - 7 boomerangs of dispersal (quivered)
Armour
 a - a +0 robe (worn)
 i - a +0 helmet
Jewellery
 l - an amulet of the acrobat (around neck)
Scrolls
 b - a scroll of blinking
 d - 5 scrolls of identify {unknown}
 e - a scroll of fear {unknown}
 f - a scroll of teleportation {unknown}
 k - a scroll of magic mapping {unknown}
Potions
 g - a potion of brilliance {unknown}
 h - a potion of curing {unknown}
 j - a potion of heal wounds {unknown}


   Skills:
 - Level 1.6 Fighting
 - Level 0.9 Throwing
 - Level 1.9 Dodging
 * Level 3.5 Unarmed Combat
 - Level 1.2 Spellcasting
 + Level 2.6 Translocations


You had 2 spell levels left.
You knew the following spells:

 Your Spells              Type           Power      Damage    Failure   Level
a - Blink                 Tloc           10%        N/A       19%         2

Your spell library contained the following spells:

 Spells                   Type           Power      Damage    Failure   Level
 Gell's Gravitas          Tloc           5%         N/A       36%         3
 Lesser Beckoning         Tloc           5%         N/A       36%         3
 Teleport Other           Tloc           5%         N/A       36%         3
 Frozen Ramparts          Ice            0%         1d2       73%         3
 Ice Form                 Ice/Tmut       0%         N/A       98%         4
 Leda's Liquefaction      Hex/Erth       0%         N/A       98%         4
 Summon Ice Beast         Ice/Summ       0%         N/A       98%         4
 Manifold Assault         Tloc           5%         N/A       98%         5
 Lee's Rapid Deconstruct  Erth           0%         3d5*      100%        5
 Statue Form              Tmut/Erth      0%         N/A       100%        6


Dungeon Overview and Level Annotations

Branches:
Dungeon (2/15)

Altars:
Xom


Innate Abilities, Weirdness & Mutations

You are too large for most types of armour.
You have claws for hands.
Your natural rate of healing is unusually fast.
You are covered in fur. (AC +1)
You have tough skin. (AC +1)


Message History

The adder barely misses you.
You scratch the adder.
The adder is almost dead.
The rat closely misses you.
The goblin hits you with a +0 dagger of electrocution.
The adder bites you but does no damage.
You scratch the adder.
You kill the adder!
The rat completely misses you.
The goblin hits you with a +0 dagger of electrocution.
You closely miss the rat. The rat bites you.
The goblin hits you but does no damage.
You are electrocuted!!
Ouch! That really hurt!
You are too injured to fight recklessly!
You are too injured to fight recklessly!
You are too injured to fight recklessly!
You are too injured to fight recklessly!
You are too injured to fight recklessly!
You are too injured to fight recklessly!
You are too injured to fight recklessly!
You are too injured to fight recklessly!
You are too injured to fight recklessly!
You are too injured to fight recklessly!
You are too injured to fight recklessly!
You are too injured to fight recklessly!
You are too injured to fight recklessly!
You are too injured to fight recklessly!
You are too injured to fight recklessly!
You are too injured to fight recklessly!
You are too injured to fight recklessly!
You are too injured to fight recklessly!
You are too injured to fight recklessly!
You are too injured to fight recklessly!
You are too injured to fight recklessly!
You are too injured to fight recklessly!
Unknown command.
You closely miss the goblin. The rat closely misses you.
The goblin hits you but does no damage.
You are electrocuted!!
Ouch! That really hurt!
You die...

#...####. #######...# #.
#.........# #.
##########.#.......####.
...........#.#####......
.......###.#.##....####.
...........#....†..# #.
...........#..#.#...####
......r@...#..#.........
......g....#.##.###.####
.......########## ##
....... ....... .......
#######


You could see a goblin and a rat.

Vanquished Creatures
  A gnoll (D:1)
  An adder (D:2)
  A worm (D:2)
  2 dart slugs (D:1)
  3 endoplasms (D:1)
  A giant cockroach (D:1)
  2 goblins (D:1)
  3 hobgoblins (D:1)
  2 jackals (D:1)
  3 quokkas
  3 ball pythons (D:1)
  2 bats
  3 frilled lizards (D:1)
  2 kobolds (D:1)
  A rat (D:1)
30 creatures vanquished.

Notes
Turn   | Place    | Note
-------+----------+-------------------------------------------
     0 | D:1      | Pelinal the Troll Warper began the quest for the Orb.
     0 | D:1      | Reached XP level 1. HP: 19/19 MP: 1/1
   249 | D:1      | Reached XP level 2. HP: 27/27 MP: 2/2
   452 | D:1      | Reached skill level 3 in Unarmed Combat
   455 | D:1      | Learned a level 2 spell: Blink
   471 | D:1      | Reached XP level 3. HP: 33/33 MP: 3/3
   662 | D:1      | Found a faded altar of an unknown god.
   799 | D:1      | Found a shimmering altar of Xom.
  1095 | D:2      | Mangled by a goblin

Illustrated notes

Levels and vault maps discovered:
D:1:      sevenhm_arrival_forest_fort_small_6, layout_loops_corners,
          basic_ecumenical_altar
D:2:      layout_basic, minmay_misc_feat_pillars, uniq_crazy_yiuf_cottage,
          uniq_robin

Skill      XL: |  1  2 |
---------------+-------+-----
Unarmed Combat | 3 |  3.5
Fighting       | |  1.6
Throwing       | |  0.9
Dodging        | |  1.9
Spellcasting   | |  1.2
Translocations | |  2.6

Action                   || total
-------------------------++-------
Melee: Unarmed           ||    85
       Punch             ||     1
 Stab: Sleeping          ||     3
Armor: Robe              ||    32
Dodge: Dodged            ||    40

Table legend: (Time is in decaauts)
 A = Elapsed time spent in this place.
 B = Non-inter-level travel time spent in this place.
 C = Inter-level travel time spent in this place.
 D = Time resting spent in this place.
 E = Time spent auto-exploring this place.
 F = Levels seen in this place.
 G = Mean time per level.
                   A        B        C        D        E       F      G
               +--------+--------+--------+--------+--------+-----+--------+
         Total |   1090 |   1025 |     65 |     14 |    834 |   2 |  545.0 |
       Dungeon |   1090 |   1025 |     65 |     14 |    834 |   2 |  545.0 |
               +--------+--------+--------+--------+--------+-----+--------+

Top non-repeatable levels by time:
     D:1: 999 daAuts
     D:2: 91 daAuts
